Map: King Sejong Station LE

Players

LiquidTLO (TLO) - Winner!

  • Race: Zerg Zerg
  • League: Grandmaster

Welmu

  • Race: Protoss Protoss
  • League: Grandmaster

VOD

Have the link to the VOD?

Description

Time

  • Played on: July 4, 2016, 2:16 p.m.
  • Length: 6:45
Show
View Real Time Build Order
Export as new Build Order

LiquidTLO Zerg - Winner!

Build Orders: Pool First 

Get SALT Encoding   

  12  0:01  Drone  
  13  0:13  Overlord  
  13  0:17  Drone  
  14  0:31  Drone x2  
  14  0:35  Drone  
  17  0:40  Extractor  
  16  0:47  Spawning Pool  
  15  0:50  Drone  
  15  0:56  Drone  
  17  1:07  Drone  
  18  1:21  Hatchery  
  17  1:26  Drone  
  17  1:30  Drone  
  19  1:39  Metabolic Boost  
  19  1:46  Queen  
  21  1:53  Overlord  
  21  1:59  Evolution Chamber  
  20  2:03  Drone  
  20  2:06  Zergling x2  
  22  2:13  Zergling x2  
  23  2:22  Zergling x2  
  24  2:24  Queen  
  26  2:33  Zerg Melee Weapons Level 1  
  26  2:34  Zergling x2  
  27  2:40  Zergling x2  
  27  2:43  Zergling x2  
  29  2:49  Zergling x2  
  29  2:53  Zergling x2  
  29  2:57  Zergling x4  
  32  2:58  Zergling x2  
  32  3:00  Zergling x2  
  34  3:11  Drone x2  
  35  3:20  Overlord  
  35  3:23  Overlord  
  35  3:32  Overlord  
  35  3:39  Drone  
  35  3:40  Drone  
  35  3:41  Drone  
  38  3:45  Drone  
  38  3:46  Drone  
  38  3:47  Drone  
  41  3:51  Drone  
  41  3:54  Zergling x2  
  41  3:57  Zergling x2  
  41  4:01  Drone  
  41  4:05  Zergling x2  
  36  4:15  Zergling x2  
  32  4:18  Drone  
  32  4:23  Pneumatized Carapace  
  32  4:32  Baneling Nest  
  32  4:33  Zergling x4  
  32  4:35  Zergling x2  
  32  4:38  Drone  
  35  4:41  Zergling x2  
  35  4:45  Zergling x4  
  37  4:49  Zergling x2  
  37  4:52  Zergling x2  
  39  4:55  Zergling x2  
  39  4:59  Zergling x2  
  38  5:03  Zergling x2  
  35  5:16  Drone  
  35  5:21  Drone  
  36  5:24  Drone  
  37  5:32  Baneling x2  
  37  5:33  Baneling  
  37  5:35  Drone  
  38  5:36  Drone  
  38  5:38  Drone  
  40  5:46  Zergling x2  
  40  5:48  Zergling x2  
  42  5:51  Zergling x4  
  42  5:53  Zergling x2  
  44  6:02  Zergling x2  
  41  6:06  Zergling x2  
  41  6:08  Zergling x4  
  41  6:09  Zergling x2  
  41  6:10  Zergling x2  
  42  6:13  Spore Crawler  
  42  6:14  Zergling x2  
  43  6:18  Drone  
  43  6:19  Drone  
  43  6:22  Drone  
  43  6:23  Baneling  
  46  6:32  Drone  
  46  6:33  Drone  
Show
View Real Time Build Order
Export as new Build Order

Welmu Protoss 

Build Orders: Mass Adepts 

Get SALT Encoding   

  12  0:01  Probe (Chrono Boost)  
  13  0:11  Probe (Chrono Boost)  
  14  0:18  Pylon  
  14  0:22  Probe (Chrono Boost)  
  15  0:36  Probe (Chrono Boost)  
  15  0:38  Gateway  
  16  0:46  Assimilator  
  16  0:47  Probe (Chrono Boost)  
  17  0:51  Assimilator  
  17  0:58  Probe (Chrono Boost)  
  18  1:08  Probe (Chrono Boost)  
  18  1:10  Gateway  
  19  1:19  Probe (Chrono Boost)  
  20  1:26  Cybernetics Core  
  20  1:28  Pylon  
  20  1:51  Nexus  
  20  2:04  Adept x2 (Chrono Boost)  
  20  2:05  Warp Gate (Chrono Boost)  
  20  2:07  Probe  
  25  2:14  Assimilator  
  29  2:30  Adept x2 (Chrono Boost)  
  29  2:35  Pylon  
  29  2:37  Probe  
  30  2:51  Probe  
  30  2:55  Adept (Chrono Boost)  
  35  2:59  Adept (Chrono Boost)  
  35  3:02  Probe  
  35  3:03  Probe  
  35  3:13  Probe  
  35  3:16  Mothership Core (Chrono Boost)  
  36  3:24  Probe (Chrono Boost)  
  36  3:25  Sentry (Chrono Boost)  
  39  3:27  Pylon  
  39  3:36  Adept  
  39  3:37  Probe x2 (Chrono Boost)  
  43  3:47  Probe (Chrono Boost)  
  45  3:50  Probe (Chrono Boost)  
  43  3:58  Probe (Chrono Boost)  
  43  4:02  Probe (Chrono Boost)  
  32  4:08  Probe (Chrono Boost)  
  27  4:14  Probe (Chrono Boost)  
  20  4:19  Probe (Chrono Boost)  
  19  4:25  Adept x2  
  19  4:27  Probe (Chrono Boost)  
  19  4:29  Probe (Chrono Boost)  
  25  4:38  Probe (Chrono Boost)  
  26  4:45  Sentry  
  26  4:46  Adept  
  30  4:55  Probe x2 (Chrono Boost)  
  32  5:08  Probe (Chrono Boost)  
  32  5:09  Probe (Chrono Boost)  
  28  5:18  Zealot  
  28  5:19  Probe (Chrono Boost)  
  28  5:20  Probe (Chrono Boost)  
  28  5:30  Probe x2 (Chrono Boost)  
  30  5:40  Probe (Chrono Boost)  
  30  5:41  Probe (Chrono Boost)  
  32  5:49  Adept x2  
  36  5:51  Probe x2 (Chrono Boost)  
  38  6:01  Probe (Chrono Boost)  
  25  6:12  Adept x2  
  25  6:14  Probe (Chrono Boost)  
  30  6:20  Probe (Chrono Boost)  
  31  6:26  Probe (Chrono Boost)  
  31  6:31  Probe (Chrono Boost)  
  33  6:38  Sentry  
Tags
 
Add a new tag
Caveats
  • Supply blocks, unpowered buildings, or Contaminate may cause inaccurate times.
  • Supply counts are checked every 10 seconds.